 Dungeon Crawl Stone Soup version 0.29.1-12-g30fa7ad0bf (webtiles) character file.

Game seed: 13128325666408767364

80 suse60 the Trooper (level 4, -1/38 HPs)
             Began as a Formicid Fighter on Jan 13, 2023.
             Succumbed to a gnoll's poison
             ... on level 2 of the Dungeon.
             The game lasted 00:04:18 (1073 turns).

suse60 the Trooper (Formicid Fighter)               Turns: 1073, Time: 00:04:19

Health: -1/38      AC: 10    Str: 23    XL:     4   Next: 65%
Magic:  4/4        EV:  9    Int:  7    God:
Gold:   68         SH:  5    Dex: 13    Spells: 3/3 levels left

rFire   . . .      SeeInvis +   a - +0 war axe
rCold   . . .      Faith    .   c - +0 buckler
rNeg    . . .      Spirit   .   b - +0 scale mail
rPois   .          Reflect  .   (helmet unavailable)
rElec   .          Harm     .   e - +2 cloak
rCorr   .          Rampage  .   (no gloves)
Will    .....                   (no boots)
Stlth   ..........              (no amulet)
HPRegen 0.12/turn               (no ring)
MPRegen 0.09/turn               (no ring)

@: mighty, lethally poisoned (-1 -> -9)
A: permanent stasis, dig shafts and tunnels, antennae 3, four strong arms
a: Dig, Shaft Self


You were on level 2 of the Dungeon.
You visited 1 branch of the dungeon, and saw 2 of its levels.

You collected 68 gold pieces.

Inventory:

Hand Weapons
 a - a +0 war axe (weapon)
Armour
 b - a +0 scale mail (worn)
 c - a +0 buckler (worn)
 e - a +2 cloak (worn)
Jewellery
 f - a ring of flight
Scrolls
 h - a scroll of identify {unknown}
Potions
 g - a potion of curing {unknown}


   Skills:
 + Level 4.5 Fighting
 + Level 3.4 Axes
 - Level 3.2 Armour
 - Level 4.0 Shields


You had 3 spell levels left.
You didn't know any spells.
Your spell library contained the following spells:

 Spells                   Type           Power      Damage    Failure   Level
 Frozen Ramparts          Ice            0%         1d1       99%         3
 Ozocubu's Armour         Ice            0%         N/A       99%         3
 Ice Form                 Ice/Tmut       0%         N/A       100%        4
 Summon Ice Beast         Ice/Summ       0%         N/A       100%        4
 Iskenderun's Battlesphe  Conj           0%         2d6       100%        5
 Metabolic Englaciation   Hex/Ice        0%         N/A       100%        5
 Iron Shot                Conj/Erth      0%         9d1       100%        6
 Simulacrum               Ice/Necr       0%         N/A       100%        6
 Spellforged Servitor     Conj/Summ      0%         N/A       100%        7


Dungeon Overview and Level Annotations

Branches:
Dungeon (2/15)

Altars:

Shops:
D:1 :


Innate Abilities, Weirdness & Mutations

You cannot be hasted, slowed, berserked, paralysed or teleported.
You can dig through walls and to a lower floor.
You have a pair of large antennae on your head. (SInv)
Your four strong arms can wield two-handed weapons with a shield.


Message History

A gnoll comes into view. It is wielding a +0 halberd.
The gnoll hits you but does no damage.
You slash the gnoll!
You kill the gnoll!
You feel sick.
The gnoll hits you from afar with a +2 spear of venom.
You feel sick. The gnoll hits you but does no damage.
You are more poisoned.
Items here: )) ††.
You closely miss the gnoll.
You feel very sick. The gnoll hits you but does no damage.
You are more poisoned.
The gnoll barely misses you.
You hit the gnoll.
The gnoll is moderately wounded.
You feel very sick. The gnoll hits you but does no damage.
You are lethally poisoned!
You slash the gnoll!
You kill the gnoll!
You feel very sick. You block the gnoll's attack.
You feel very mighty all of a sudden.
* * * LOW HITPOINT WARNING * * *
You feel very sick. The gnoll hits you with a +0 club.
* * * LOW HITPOINT WARNING * * *
You barely miss the gnoll.
* * * LOW HITPOINT WARNING * * *
You feel very sick. The gnoll barely misses you.
You hit the gnoll.
The gnoll is moderately wounded.
* * * LOW HITPOINT WARNING * * *
You feel very sick. You block the gnoll's attack.
You closely miss the gnoll.
The gnoll is moderately wounded.
You die...

.... #+# .>.8. #.# {g...
##.####### .g..#
#........# #g..#
##...####.# ###....#
#.....# #.# #.'.8.#
#.....###.####w#...#
######...#......@ggg##+##
.........#####.####....#
#######.># #.# ######
#..#####.# ####........#
#........#### #
#.###.##.# # #.........#
# #.###.##..#


You could see 3 gnolls and a dart slug.

Vanquished Creatures
  4 gnolls
  2 dart slugs (D:1)
  3 ball pythons
  3 bats
  3 endoplasms (D:1)
  2 goblins (D:1)
  2 hobgoblins (D:1)
  3 jackals (D:1)
  6 kobolds
  2 quokkas (D:1)
  A frilled lizard (D:1)
  8 rats
39 creatures vanquished.

Notes
Turn   | Place    | Note
-------+----------+-------------------------------------------
     0 | D:1      | suse60 the Formicid Fighter began the quest for the Orb.
     0 | D:1      | Reached XP level 1. HP: 18/18 MP: 1/1
    39 | D:1      | Reached XP level 2. HP: 15/24 MP: 2/2
   186 | D:1      | Found Doneeziurr's Book Emporium.
   271 | D:1      | Reached XP level 3. HP: 30/30 MP: 3/3
   990 | D:2      | Reached XP level 4. HP: 37/37 MP: 4/4
  1072 | D:2      | HP: 1/38 [poisoned by a gnoll]
  1073 | D:2      | Succumbed to a gnoll's poison

Illustrated notes

Levels and vault maps discovered:
D:1:      amcnicky_arrival_blooded_trapdoor, layout_basic, serial_shops,
          shop_fountains
D:2:      layout_loops_corners, serial_shops, shop,
          hellmonk_ecumenical_altar_watching_god, grunt_ministairs_13

Skill      XL: |  1  2  3 |
---------------+----------+-----
Fighting       | 4 |  4.5
Axes           | 3 |  3.4
Armour         | |  3.2
Shields        | |  4.0

Action                   |  1- 3 |  4- 6 || total
-------------------------+-------+-------++-------
Melee: War axe           |   103 |    16 ||   119
  Use: Potion            |       |     1 ||     1
Armor: Scale mail        |    47 |    10 ||    57
Dodge: Dodged            |    43 |     8 ||    51
Block: Buckler           |    14 |     3 ||    17
